 Dungeon Sprint DCSS version 0.16-a0-4004-g8d6611c (webtiles) character file.

15200000 PolkaDot the Axe Maniac (level 27, -63/246 (249) HPs)
             Began as a Demonspawn Monk on Feb 15, 2015.
             Was the Champion of Makhleb.
             Annihilated by The Defiler
             ... wielding a +9 demon whip of slashing
              (89 damage)
             ... in the Dungeon (Sprint VIII: "Arena of Blood").
             The game lasted 00:09:02 (152 turns).

PolkaDot the Axe Maniac (Demonspawn Monk)            Turns: 152, Time: 00:09:02

HP:   -63/246 (249) AC: 14    Str: 13      XL:     27
MP:   49/49         EV: 30    Int: 10 (13) God:    Makhleb [******]
Gold: 0             SH:  0    Dex: 14 (23) Spells: 0 memorised, 80 levels left

rFire  + . .     SeeInvis +     i - +∞ Axe of Woe
rCold  . . .     Clarity  .     a - +0 robe
rNeg   . . .     SustAb   .     (no shield)
rPois  .         Gourm    .     (helmet unavailable)
rElec  .         Spirit   .     (no cloak)
rCorr  .         Warding  .     (no gloves)
rMut   .         NoTele   +     (no boots)
MR     ++...                    (no amulet)
Stlth  ++++++++++               (no ring)
                                j - ring of see invisible

@: lethally poisoned (-63 -> -93), slowed, very slow, very resistant to hostile
enchantments, uncannily stealthy
A: horns 3, rough black scales 3, fire resistance 1, ignite blood, nightstalker
3, augmentation 3, flame cloud immunity
a: Minor Destruction, Lesser Servant of Makhleb, Major Destruction, Greater
Servant of Makhleb, Renounce Religion


You were in the Dungeon.
You worshipped Makhleb.
Makhleb was exalted by your worship.
You were not hungry.

You visited 1 branch

Inventory:

Hand weapons
 i - the +∞ Axe of Woe (weapon)
   (You found it in the Dungeon)
Armour
 a - a +0 robe (worn)
Jewellery
 j - a ring of see invisible (left hand)
Scrolls
 h - a scroll of blinking
Potions
 e - a potion of haste
 f - 2 potions of magic
 g - a potion of berserk rage
Comestibles
 b - a bread ration


   Skills:
 O Level 27 Fighting
 O Level 27 Axes
 O Level 27 Throwing
 O Level 27 Armour
 O Level 27 Dodging
 O Level 27 Stealth
 O Level 27 Unarmed Combat
 O Level 27 Spellcasting
 O Level 27 Invocations


You had 80 spell levels left.
You didn't know any spells.

Dungeon Overview and Level Annotations

Branches:
Dungeon (1/1)

Altars:
Makhleb

Annotations:
D The Defiler


Innate Abilities, Weirdness & Mutations

You have a pair of large horns on your head.
You are completely covered in rough black scales (AC +10, Dex -3).
Your flesh is heat resistant.
Your demonic aura causes spilled blood to erupt in flames.
You are completely attuned to the shadows.
Your magical and physical power is greatly enhanced at high health.
You are immune to clouds of flame.


Message History

You fatally mangle the observer.
You kill the observer!
Makhleb accepts your kill.
You feel a little better.
You are engulfed in poison gas.
You are more poisoned.
You feel very sick.
You hear a shout! x3
The dread calls on the powers of darkness!
The Defiler convulses!
Your body is wracked with pain!
* * * LOW HITPOINT WARNING * * *
The Defiler is engulfed in poison gas.
The Defiler is poisoned.
You hear a shout!
The eight-headed meat hydra calls on the powers of darkness!
The eight-headed meat hydra convulses!
The bag of meat convulses!
The observer convulses!
The bag of meat convulses!
The observer convulses!
The Defiler convulses!
Your body is wracked with pain!
* * * LOW HITPOINT WARNING * * *
You hear a shout! x5
The Defiler is engulfed in poison gas.
The Defiler looks even sicker.
The Defiler hits you with a +9 demon whip of slashing!!!!
You die...

#############
####.%...))).)..
####.....%..)..)...
####§§§)W...%.##.##.##
#..§o@@§).))..........
....§§§####.))).##.##.
...G.§#DM...)......
....G.#oW...)...V#.
.....#W%..)))......
#.. #...))).......
...#.%.)).......
......§.)........
.......).).......


You could see an accursed, an eight-headed meat hydra, 2 observers, The Defiler,
2 wretched souls, a dread and 2 bags of meat.

Vanquished Creatures
  Sigmund (D)
  3 great orbs of eyes (D)
  7 greater mummies (D)
  6 hell beasts (D)
  5 hell knights (D)
  2 hill giants (D)
  3 hydras (D)
  3 liches (D)
  27 ogres (D)
  53 orcs (D)
  2 phantoms (D)
  2 skeletal warriors (D)
  13 vampire knights (D)
  4 wraiths (D)
  2 sea snakes (D)
  A tentacled monstrosity (D)
  2 large abominations (D)
  2 crawling corpses (D)
138 creatures vanquished.

Vanquished Creatures (collateral kills)
  An orc (D)
1 creature vanquished.

Vanquished Creatures (others)
  4 Executioners (D)
  3 balrugs (D)
7 creatures vanquished.

Grand Total: 146 creatures vanquished

Notes
Turn   | Place    | Note
--------------------------------------------------------------
     0 | D        | PolkaDot, the Demonspawn Monk, began the quest for the Orb.
     0 | D        | Reached XP level 1. HP: 18/18 MP: 1/1
     4 | D        | Became a worshipper of Makhleb the Destroyer
     4 | D        | Acquired Makhleb's first power
     4 | D        | Acquired Makhleb's second power
     6 | D        | Noticed a bag of meat
     7 | D        | Noticed a bag of meat
     7 | D        | Noticed a bag of meat
     7 | D        | Noticed a meat berserker
    10 | D        | Noticed a bag of meat
    10 | D        | Noticed a meat berserker
    11 | D        | Noticed a bag of meat
    11 | D        | Noticed a bag of meat
    12 | D        | Killed a meat berserker
    12 | D        | Reached skill level 23 in Axes
    12 | D        | Gained mutation: You are slightly more attuned to the shadows. [demonic ancestry]
    12 | D        | Reached XP level 2. HP: 24/24 MP: 2/2
    12 | D        | Reached XP level 3. HP: 29/29 MP: 3/3
    12 | D        | Gained mutation: You are partially covered in rough black scales (AC +4, Dex -1). [demonic ancestry]
    12 | D        | Reached XP level 4. HP: 35/35 MP: 4/4
    12 | D        | Gained mutation: You have a pair of small horns on your head. [demonic ancestry]
    12 | D        | Reached XP level 5. HP: 41/41 MP: 5/5
    12 | D        | Gained mutation: Your flesh is heat resistant. [demonic ancestry]
    12 | D        | Reached XP level 6. HP: 47/47 MP: 6/6
    12 | D        | Reached XP level 7. HP: 52/52 MP: 7/7
    12 | D        | Gained mutation: You are significantly more attuned to the shadows. [demonic ancestry]
    12 | D        | Reached XP level 8. HP: 58/58 MP: 8/8
    12 | D        | Gained mutation: You are completely attuned to the shadows. [demonic ancestry]
    12 | D        | Reached XP level 9. HP: 63/63 MP: 9/9
    12 | D        | Gained mutation: You are mostly covered in rough black scales (AC +7, Dex -2). [demonic ancestry]
    12 | D        | Reached XP level 10. HP: 70/70 MP: 10/10
    12 | D        | Gained mutation: You are immune to clouds of flame. [demonic ancestry]
    12 | D        | Reached XP level 11. HP: 75/75 MP: 11/11
    12 | D        | Killed a bag of meat
    12 | D        | Reached skill level 26 in Axes
    12 | D        | Reached XP level 12. HP: 81/81 MP: 12/12
    13 | D        | Noticed a meat berserker
    13 | D        | Killed a bag of meat
    13 | D        | Acquired Makhleb's third power
    13 | D        | Reached skill level 10 in Unarmed Combat
    13 | D        | Gained mutation: You have a pair of horns on your head. [demonic ancestry]
    13 | D        | Reached XP level 13. HP: 86/98 MP: 13/13
    13 | D        | Killed a bag of meat
    13 | D        | Reached skill level 10 in Fighting
    15 | D        | Killed a bag of meat
    15 | D        | Acquired Makhleb's fourth power
    15 | D        | Reached skill level 10 in Dodging
    15 | D        | Gained mutation: You are completely covered in rough black scales (AC +10, Dex -3). [demonic ancestry]
    15 | D        | Reached XP level 14. HP: 104/114 MP: 14/14
    15 | D        | Killed a meat berserker
    15 | D        | Reached skill level 5 in Stealth
    15 | D        | Killed a bag of meat
    15 | D        | Gained mutation: Your magical and physical power is slightly enhanced at high health. [demonic ancestry]
    15 | D        | Reached XP level 15. HP: 123/127 MP: 15/15
    16 | D        | Killed a bag of meat
    16 | D        | Acquired Makhleb's fifth power
    16 | D        | Reached skill level 15 in Fighting
    17 | D        | Killed a meat berserker
    18 | D        | Noticed a bag of meat
    19 | D        | Noticed a bag of meat
    19 | D        | Noticed a meat berserker
    20 | D        | Noticed a bag of meat
    20 | D        | Noticed a bag of meat
    20 | D        | Killed a bag of meat
    20 | D        | Reached skill level 15 in Dodging
    21 | D        | Noticed a large bag of meat
    21 | D        | Noticed a meat berserker
    21 | D        | Noticed a bag of meat
    22 | D        | Noticed a destroyer
    22 | D        | Noticed a bag of meat
    22 | D        | Noticed a bag of meat
    22 | D        | Killed a meat berserker
    22 | D        | Reached skill level 27 in Axes
    22 | D        | Gained mutation: You have a pair of large horns on your head. [demonic ancestry]
    22 | D        | Reached XP level 16. HP: 140/143 MP: 16/16
    23 | D        | Noticed a bag of meat
    23 | D        | Killed a bag of meat
    23 | D        | Killed a bag of meat
    24 | D        | Noticed a bag of meat
    24 | D        | Noticed a bag of meat
    24 | D        | Killed a meat berserker
    24 | D        | Killed a bag of meat
    24 | D        | Reached skill level 27 in Unarmed Combat
    24 | D        | Reached XP level 17. HP: 154/157 MP: 17/17
    25 | D        | Noticed a bag of meat
    25 | D        | Noticed a bag of meat
    25 | D        | Killed a bag of meat
    26 | D        | Noticed a bag of meat
    26 | D        | Noticed a destroyer
    26 | D        | Killed a large bag of meat
    26 | D        | Reached skill level 10 in Stealth
    27 | D        | Noticed a bag of meat
    27 | D        | Killed a bag of meat
    27 | D        | Killed a bag of meat
    27 | D        | Killed a destroyer
    27 | D        | Reached XP level 18. HP: 175/180 MP: 18/18
    27 | D        | Killed a bag of meat
    27 | D        | Reached skill level 27 in Fighting
    28 | D        | Noticed a bag of meat
    28 | D        | Noticed a meat berserker
    28 | D        | Killed a bag of meat
    29 | D        | Noticed a meat berserker
    30 | D        | Noticed a meat berserker
    30 | D        | Killed a bag of meat
    30 | D        | Reached skill level 27 in Dodging
    30 | D        | Killed a bag of meat
    30 | D        | Killed a destroyer
    31 | D        | Noticed a bag of meat
    31 | D        | Killed a bag of meat
    31 | D        | Reached XP level 19. HP: 189/189 MP: 18/18
    31 | D        | Killed a meat berserker
    31 | D        | Killed a meat berserker
    31 | D        | Reached skill level 27 in Stealth
    31 | D        | Killed a bag of meat
    32 | D        | Killed a meat berserker
    32 | D        | Killed a bag of meat
    32 | D        | Reached skill level 10 in Throwing
    32 | D        | Reached skill level 10 in Armour
    32 | D        | Reached skill level 10 in Spellcasting
    32 | D        | Killed a bag of meat
    33 | D        | Noticed a bag of meat
    33 | D        | Noticed a bag of meat
    34 | D        | Killed a bag of meat
    34 | D        | Reached XP level 20. HP: 197/197 MP: 18/38
    36 | D        | Noticed a destroyer
    36 | D        | Killed a bag of meat
    38 | D        | Killed a bag of meat
    38 | D        | Reached skill level 15 in Throwing
    38 | D        | Reached skill level 15 in Armour
    38 | D        | Reached skill level 15 in Spellcasting
    39 | D        | Noticed a meat berserker
    40 | D        | Noticed a bag of meat
    41 | D        | Noticed a bag of meat
    41 | D        | Killed a meat berserker
    41 | D        | Killed a destroyer
    43 | D        | Noticed a destroyer
    43 | D        | Noticed a sculptor of flesh
    43 | D        | Killed a bag of meat
    44 | D        | Noticed a destroyer
    45 | D        | Killed a bag of meat
    46 | D        | Killed a destroyer
    46 | D        | Reached XP level 21. HP: 204/204 MP: 21/43
    47 | D        | Killed a sculptor of flesh
    48 | D        | Noticed an accursed
    48 | D        | Noticed a destroyer
    50 | D        | Noticed a sculptor of flesh
    52 | D        | Noticed a meat berserker
    53 | D        | Noticed a destroyer
    54 | D        | Noticed a meat berserker
    54 | D        | Killed a meat berserker
    54 | D        | Reached skill level 27 in Invocations
    54 | D        | Killed a destroyer
    55 | D        | Noticed a destroyer
    56 | D        | Killed a meat berserker
    57 | D        | Killed a destroyer
    57 | D        | Killed a destroyer
    58 | D        | Noticed a bag of meat
    59 | D        | Killed a sculptor of flesh
    61 | D        | Noticed a destroyer
    61 | D        | Killed a bag of meat
    61 | D        | Reached XP level 22. HP: 212/212 MP: 25/46
    63 | D        | Killed a destroyer
    64 | D        | Noticed a destroyer
    73 | D        | Noticed a meat berserker
    73 | D        | Noticed a bag of meat
    74 | D        | Noticed a meat berserker
    74 | D        | Noticed a dread
    75 | D        | Killed a meat berserker
    76 | D        | Noticed a large bag of meat
    76 | D        | Noticed a meat berserker
    76 | D        | Noticed a bag of meat
    76 | D        | Noticed a dread
    77 | D        | Noticed a bag of meat
    77 | D        | Noticed a meat berserker
    77 | D        | Killed a bag of meat
    77 | D        | Killed a dread
    78 | D        | Noticed a bag of meat
    78 | D        | Noticed a bag of meat
    78 | D        | Noticed a bag of meat
    78 | D        | Killed a bag of meat
    78 | D        | Reached skill level 27 in Throwing
    78 | D        | Reached skill level 27 in Armour
    78 | D        | Reached skill level 27 in Spellcasting
    79 | D        | Noticed a bag of meat
    79 | D        | Killed a meat berserker
    81 | D        | Killed a meat berserker
    83 | D        | Killed a bag of meat
    83 | D        | Killed a large bag of meat
    84 | D        | Noticed a bag of meat
    85 | D        | Noticed a meat berserker
    85 | D        | Noticed a bag of meat
    85 | D        | Noticed a meat berserker
    85 | D        | Killed a dread
    85 | D        | Killed a bag of meat
    85 | D        | Killed a destroyer
    86 | D        | Killed a meat berserker
    87 | D        | Noticed a meat berserker
    87 | D        | Killed a bag of meat
    87 | D        | Reached XP level 23. HP: 219/219 MP: 31/48
    87 | D        | Killed a bag of meat
    88 | D        | Noticed a bag of meat
    88 | D        | Killed a meat berserker
    89 | D        | Noticed an accursed
    89 | D        | Killed a bag of meat
    90 | D        | Noticed a bag of meat
    90 | D        | Killed a bag of meat
    91 | D        | Killed a meat berserker
    91 | D        | Noticed a destroyer
    92 | D        | Noticed a bag of meat
    93 | D        | Noticed a tyrant
    93 | D        | Killed a bag of meat
    94 | D        | Killed a bag of meat
    96 | D        | Noticed a tyrant
    96 | D        | Killed an accursed
    96 | D        | Killed a destroyer
    97 | D        | Noticed a bag of meat
    97 | D        | Killed a bag of meat
    98 | D        | Killed a tyrant
    99 | D        | Noticed an accursed
    99 | D        | Killed a bag of meat
   100 | D        | Noticed a meat beast
   100 | D        | Noticed an accursed
   101 | D        | Noticed an eight-headed meat hydra
   101 | D        | Noticed an observer
   101 | D        | Killed a tyrant
   101 | D        | Killed a meat beast
   101 | D        | Reached XP level 24. HP: 226/226 MP: 35/48
   101 | D        | Killed an observer
   102 | D        | Killed an accursed
   102 | D        | Killed an accursed
   103 | D        | Noticed an accursed
   104 | D        | Noticed a meat berserker
   106 | D        | Noticed a bag of meat
   106 | D        | Noticed a bag of meat
   106 | D        | Noticed an eight-headed meat hydra
   106 | D        | Killed an eight-headed meat hydra
   107 | D        | Noticed a bag of meat
   108 | D        | Killed an accursed
   109 | D        | Noticed a tyrant
   109 | D        | Noticed a meat berserker
   109 | D        | Killed an accursed
   110 | D        | Noticed an accursed
   110 | D        | Noticed a bag of meat
   110 | D        | Killed a bag of meat
   111 | D        | Killed a meat berserker
   112 | D        | Killed a meat berserker
   113 | D        | Killed a bag of meat
   115 | D        | Killed a nine-headed meat hydra
   115 | D        | Killed a bag of meat
   116 | D        | Killed a tyrant
   117 | D        | Noticed a wretched soul
   117 | D        | Noticed a wretched soul
   117 | D        | Killed a bag of meat
   119 | D        | Noticed a scourge
   120 | D        | Killed a wretched soul
   120 | D        | Killed a bag of meat
   121 | D        | Noticed a meat berserker
   123 | D        | Noticed a bag of meat
   123 | D        | Killed a wretched soul
   124 | D        | Noticed a scourge
   125 | D        | Noticed a fleshlord
   125 | D        | Killed a fleshlord
   125 | D        | Gained mutation: Your magical and physical power is enhanced at high health. [demonic ancestry]
   125 | D        | Reached XP level 25. HP: 194/231 MP: 41/49
   126 | D        | Noticed a fleshlord
   127 | D        | Noticed The Captor
   127 | D        | Noticed a bag of meat
   128 | D        | Noticed an eight-headed meat hydra
   128 | D        | Noticed a meat berserker
   128 | D        | Noticed a fleshlord
   128 | D        | Killed a scourge
   128 | D        | Killed a fleshlord
   128 | D        | Killed a destroyer
   130 | D        | Noticed a bag of meat
   130 | D        | Killed a meat berserker
   131 | D        | Killed a bag of meat
   131 | D        | Killed a fleshlord
   132 | D        | Noticed a bag of meat
   133 | D        | Noticed a bag of meat
   133 | D        | Noticed a meat berserker
   135 | D        | Noticed a fleshlord
   135 | D        | Killed a nine-headed meat hydra
   135 | D        | Killed a meat berserker
   135 | D        | Noticed a bag of meat
   136 | D        | Noticed an accursed
   136 | D        | Killed a meat berserker
   136 | D        | Killed a bag of meat
   138 | D        | Noticed an eight-headed meat hydra
   138 | D        | Noticed a meat berserker
   138 | D        | Noticed a dread
   139 | D        | Noticed a meat beast
   139 | D        | Killed a bag of meat
   139 | D        | Killed a bag of meat
   139 | D        | Killed a scourge
   139 | D        | Killed an accursed
   140 | D        | Noticed a bag of meat
   140 | D        | Killed a bag of meat
   140 | D        | Killed a fleshlord
   140 | D        | Killed a meat berserker
   142 | D        | Noticed a meat berserker
   142 | D        | Killed The Captor
   142 | D        | Killed a dread
   142 | D        | Killed a meat beast
   142 | D        | Gained mutation: Your magical and physical power is greatly enhanced at high health. [demonic ancestry]
   142 | D        | Reached XP level 26. HP: 239/239 MP: 45/49
   142 | D        | Killed a bag of meat
   143 | D        | Noticed a meat beast
   143 | D        | Noticed a meat berserker
   143 | D        | Noticed a meat berserker
   143 | D        | Killed an accursed
   144 | D        | Killed a meat berserker
   144 | D        | Noticed a meat beast
   145 | D        | Noticed a bag of meat
   145 | D        | Noticed a fleshlord
   145 | D        | Killed a meat beast
   145 | D        | Killed a meat berserker
   145 | D        | Killed a bag of meat
   146 | D        | Noticed a meat beast
   146 | D        | Noticed a bag of meat
   146 | D        | Killed a meat berserker
   146 | D        | Killed a fleshlord
   147 | D        | Noticed a destroyer
   147 | D        | Noticed a destroyer
   147 | D        | Noticed an observer
   147 | D        | Noticed The Defiler
   147 | D        | Noticed a meat berserker
   147 | D        | Noticed a bag of meat
   148 | D        | Noticed a dread
   148 | D        | Noticed an observer
   148 | D        | Killed a destroyer
   148 | D        | Killed a bag of meat
   148 | D        | Killed a bag of meat
   148 | D        | Killed a meat beast
   148 | D        | Killed a meat beast
   148 | D        | Gained mutation: Your demonic aura causes spilled blood to erupt in flames. [demonic ancestry]
   148 | D        | Reached XP level 27. HP: 246/246 MP: 47/49
   148 | D        | Killed a destroyer
   148 | D        | Noticed a meat beast
   149 | D        | Noticed a bag of meat
   149 | D        | Noticed a dread
   149 | D        | Killed a meat berserker
   150 | D        | Noticed an observer
   150 | D        | Noticed a bag of meat
   150 | D        | Noticed a fleshlord
   150 | D        | Killed a dread
   151 | D        | Noticed an accursed
   151 | D        | Noticed a wretched soul
   151 | D        | Killed a meat beast
   151 | D        | Killed an observer
   151 | D        | Noticed an observer
   152 | D        | Noticed a wretched soul
   152 | D        | Killed a bag of meat
   152 | D        | Killed an observer
   152 | D        | Annihilated by The Defiler

Action                   |  1- 3 |  4- 6 |  7- 9 | 10-12 | 13-15 | 16-18 | 19-21 | 22-24 | 25-27 || total
-------------------------+-------+-------+-------+-------+-------+-------+-------+-------+-------++-------
Melee: Executioner's axe |     1 |       |       |     1 |     5 |     8 |    14 |    35 |    17 ||    81
Invok: Greater Servant o |       |       |       |       |       |       |       |     7 |     1 ||     8
       Major Destruction |       |       |       |       |       |       |       |       |     2 ||     2
  Use: Potion            |       |       |       |       |       |       |       |     1 |     1 ||     2
 Stab: Distracted        |       |       |       |       |       |       |       |     1 |       ||     1
